 Dungeon Sprint DCSS version 0.29-a0-802-g34511f41fd (webtiles) character file.

Game seed: 8631357430827671642

20509 mhtbhm the Wrestler (level 12, -14/136 HPs)
             Began as a Troll Transmuter on July 3, 2022.
             Was an Initiate of Gozag.
             Killed from afar by a fire dragon (64 damage)
             ... with a blast of flame
             ... in the Dungeon (Sprint IX: "|||||||||||||||||||||||||||||").
             The game lasted 00:05:49 (2146 turns).

mhtbhm the Wrestler (Troll Transmuter)              Turns: 2146, Time: 00:05:50

Health: -14/136    AC:  6    Str: 35    XL:     12   Next: 46%
Magic:  21/24      EV: 13    Int:  9    God:    Gozag
Gold:   3159       SH:  0    Dex: 12    Spells: 19/29 levels left

rFire   x . .      SeeInvis .     - Unarmed
rCold   + + +      Faith    .   (shield currently unavailable)
rNeg    . . .      Spirit   .   (body armour currently unavailable)
rPois   +          Reflect  .   (helmet currently unavailable)
rElec   .          Harm     .   (cloak currently unavailable)
rCorr   .          Rampage  .   (gloves unavailable)
Will    .....      NoTele   +   (boots unavailable)
Stlth   ++........              D - amulet "Tirail" {Regen+ Str+4 Dex+2}
HPRegen 1.92/turn               C - +4 ring of slaying
MPRegen 0.19/turn               E - +6 ring of strength

@: ice-form, wereblooded, gold aura
A: freezing attack, amphibious, boosted hp, large, unfitting armour, (claws 3),
regeneration 1, (shaggy fur 1), (tough skin 1)
a: End Transformation, Renounce Religion, Potion Petition, Call Merchant, Bribe
Branch


You were in the Dungeon.
You worshipped Gozag.
Gozag was most pleased with you.
You were a creature of crystalline ice.
You visited 1 branch You collected 8060 gold pieces.
You spent 3672 gold pieces at shops.
You paid 1229 gold pieces to Gozag.

Inventory:

Missiles
 n - 10 boomerangs
 r - 3 silver boomerangs
Armour
 a - a +0 robe (melded)
 q - a +0 cloak (melded)
Jewellery
 x - a ring of poison resistance
 A - a ring of protection from fire
 C - a +4 ring of slaying (left front paw)
 D - the amulet "Tirail" (around neck) {Regen+ Str+4 Dex+2}
   (You bought it in a shop in the Dungeon)

   [amulet of regeneration]

   Str:       It affects your strength (+4).
   Dex:       It affects your dexterity (+2).
   Regen:     It increases your rate of health regeneration.
 E - a +6 ring of strength (right front paw)
Wands
 j - a wand of roots (2)
 v - a wand of light (9)
Scrolls
 h - a scroll of blinking
 i - 2 scrolls of amnesia
 k - a scroll of immolation
 o - 4 scrolls of fear
 p - 4 scrolls of fog
 s - a scroll of magic mapping
 t - 6 scrolls of enchant armour
 B - 2 scrolls of enchant weapon
Potions
 b - a potion of invisibility
 c - 11 potions of curing
 d - 7 potions of heal wounds
 e - 2 potions of haste
 f - 4 potions of magic
 g - 2 potions of berserk rage
 m - 4 potions of might
 u - a potion of mutation
 w - a potion of attraction {unknown}


   Skills:
 + Level 6.1 Fighting
 + Level 9.3 Dodging
 + Level 2.5 Stealth
 + Level 21.6 Unarmed Combat
 + Level 9.3 Spellcasting
 + Level 10.3 Transmutations
 + Level 5.2 Ice Magic
 + Level 3.2 Evocations


You had 19 spell levels left.
You knew the following spells:

 Your Spells              Type           Power      Damage    Failure   Level
a - Beastly Appendage     Tmut           44%        N/A       1%          1
b - Wereblood             Tmut           22%        N/A       1%          2
c - Spider Form           Tmut/Pois      13%        N/A       6%          3
d - Ice Form              Ice/Tmut       18%        N/A       6%          4

Your spell library contained the following spells:

 Spells                   Type           Power      Damage    Failure   Level


Dungeon Overview and Level Annotations

Branches:
Dungeon (1/1)

Altars:
Cheibriados
Dithmenos
Elyvilon
Fedhas
Gozag
Hepliaklqana
Kikubaaqudgha
Makhleb
Nemelex Xobeh
Okawaru
Qazlal
Ru
Sif Muna
Trog
Uskayaw
Vehumet
Wu Jian
Xom
Yredelemnul
Zin
The Shining One
Jiyva
Lugonu

Shops:
D ((*!*=


Innate Abilities, Weirdness & Mutations

You are a creature of crystalline ice.
You have a powerful freezing melee attack.
You are amphibious.
Your maximum health is increased.
Your armour is entirely melded.
You are incapable of wielding weapons or throwing items.
You are too large for most types of armour.
((You have claws for hands.))
Your natural rate of healing is unusually fast.
((You are covered in fur. (AC +1)))
((You have tough skin. (AC +1)))


Message History

* * * LOW HITPOINT WARNING * * *
The five-headed hydra bites you but does no damage. x2
The cyan very ugly thing gurgles horribly!
You hear two shouts!
Unknown command.
You pulverise the five-headed hydra!!!
You freeze the five-headed hydra.
You feel a bit better.
You kill the five-headed hydra!
Unknown command.
You howl as the wereblood boils in your veins!
The hell knight prays to its god.
The hell knight seems to speed up.
The deep troll earth mage completely misses you.
The deep troll earth mage misses you.
The deep troll earth mage closely misses you.
Things that are here:
441 gold pieces; a +0 spear; a +0 robe That's the wrong kind of item! (Use * to select it.) Evoke which item? (* to show all) (? for menu, Esc to quit)
Huh?
Evoke which item? (* to show all) (? for menu, Esc to quit)
Aiming: Bolt of Light
Press: ? - help, Shift-Dir - straight line, f - deep troll earth mage
Aim: a deep troll earth mage (almost dead, 74% to hit)
The bolt of light hits the deep troll earth mage!
You feel a bit better.
You kill the deep troll earth mage!
The bolt of light hits the cyan very ugly thing!!
The cyan very ugly thing is severely wounded.
The bolt of light misses the fire dragon.
The bolt of light hits the hell knight!
The hell knight is moderately wounded.
The hell knight is blinded.
The cyan very ugly thing is no longer blind.
The fire dragon breathes flames at you.
The blast of flame hits the cyan very ugly thing!!!
The cyan very ugly thing dies!
The blast of flame hits you!!! The fire burns you terribly!
You die...
Your body crumbles into a pile of gold.

..[[[...'[([.........'.........'.
▓▓▓▓▓▓▓▓▓▓▓▓▓▓▓▓▓▓▓▓▓▓▓▓▓▓▓▓▓▓▓▓▓
...............).................
▓▓▓▓▓▓▓▓▓▓▓▓▓▓▓▓▓▓▓▓▓▓▓▓▓▓▓▓▓▓▓▓▓
....'.....∩.∩.∩)∩.))))'......))))
▓▓▓▓▓▓▓▓▓▓▓▓▓▓▓▓▓▓▓▓▓▓▓▓▓▓▓▓▓▓▓▓▓
..........)......................
▓▓▓▓▓▓▓▓▓▓▓▓▓▓▓▓▓▓▓▓▓▓▓▓▓▓▓▓▓▓▓▓▓
s..pD.$Y$$$+∩∩.B......[[
▓▓▓▓▓▓▓▓▓▓▓▓▓▓▓▓▓▓▓▓▓▓▓▓


You could see a fire dragon (blind, catching breath), a hell knight (fast,
blind) and a jumping spider shaped shifter.

Vanquished Creatures
  A lich (D)
  A stone giant (D)
  Josephine (D)
  A hydra (D)
  A centaur warrior (D)
  An ogre mage (D)
  Erica (D)
  2 two-headed ogres (D)
  2 boulder beetles (D)
  A tengu warrior (D)
  A deep troll earth mage (D)
  7 orc high priests (D)
  2 orc knights (D)
  A manticore (D)
  A torpor snail (D)
  A kobold demonologist (D)
  3 cane toads (D)
  A rime drake (D)
  3 komodo dragons (D)
  A freezing wraith (D)
  4 tyrant leeches (D)
  A slime creature (D)
  A blink frog (D)
  5 wraiths (D)
  A wyvern (D)
  3 yaks (D)
  5 water moccasins (D)
  11 orc warriors (D)
  2 centaurs (D)
  A gnoll sergeant (D)
  5 bullfrogs (D)
  A wight (D)
  A killer bee (D)
  A hound (D)
  10 orc priests (D)
  3 orc wizards (D)
  An ufetubus (D)
  A dart slug (D)
  7 orcs (D)
  A goblin (D)
  A quokka (D)
  A ball python (D)
  A rat (D)
101 creatures vanquished.

Vanquished Creatures (others)
  A very ugly thing (D)
1 creature vanquished.

Grand Total: 102 creatures vanquished

Notes
Turn   | Place    | Note
-------+----------+-------------------------------------------
     0 | D        | mhtbhm the Troll Transmuter began the quest for the Orb.
     0 | D        | Reached XP level 1. HP: 18/18 MP: 1/1
    12 | D        | Reached skill level 4 in Unarmed Combat
   229 | D        | Noticed a water moccasin
   229 | D        | Noticed a hound
   229 | D        | Noticed a centaur
   238 | D        | Killed a centaur
   239 | D        | Reached skill level 6 in Unarmed Combat
   239 | D        | Reached XP level 2. HP: 26/26 MP: 0/4
   239 | D        | Reached XP level 3. HP: 32/32 MP: 0/5
   239 | D        | Reached XP level 4. HP: 40/40 MP: 0/6
   249 | D        | Reached skill level 7 in Unarmed Combat
   252 | D        | Killed a water moccasin
   253 | D        | Reached skill level 9 in Unarmed Combat
   253 | D        | Reached XP level 5. HP: 46/46 MP: 2/9
   256 | D        | Learned a level 2 spell: Wereblood
   260 | D        | Learned a level 3 spell: Spider Form
   265 | D        | Learned a level 4 spell: Ice Form
   321 | D        | Found a snail-covered altar of Cheibriados.
   321 | D        | Found a shadowy altar of Dithmenos.
   321 | D        | Found a white marble altar of Elyvilon.
   321 | D        | Found a blossoming altar of Fedhas.
   321 | D        | Found an opulent altar of Gozag.
   322 | D        | Found a hazy altar of Hepliaklqana.
   323 | D        | Found a viscous altar of Jiyva.
   324 | D        | Found an ancient bone altar of Kikubaaqudgha.
   325 | D        | Found a corrupted altar of Lugonu.
   326 | D        | Found a burning altar of Makhleb.
   327 | D        | Found a sparkling altar of Nemelex Xobeh.
   328 | D        | Found an iron altar of Okawaru.
   329 | D        | Became a worshipper of Gozag Ym Sagoz the Greedy
   330 | D        | Found a stormy altar of Qazlal.
   331 | D        | Found a sacrificial altar of Ru.
   332 | D        | Found a shimmering blue altar of Sif Muna.
   333 | D        | Found a bloodstained altar of Trog.
   334 | D        | Found a hide-covered altar of Uskayaw.
   335 | D        | Found a radiant altar of Vehumet.
   336 | D        | Found an ornate altar of the Wu Jian Council.
   337 | D        | Found a shimmering altar of Xom.
   338 | D        | Found a basalt altar of Yredelemnul.
   339 | D        | Found a glowing silver altar of Zin.
   340 | D        | Found a glowing golden altar of the Shining One.
   368 | D        | Noticed a centaur
   368 | D        | Noticed a kobold demonologist
   368 | D        | Noticed a two-headed ogre
   379 | D        | Noticed a sun demon
   381 | D        | Killed a two-headed ogre
   382 | D        | Reached skill level 5 in Dodging
   382 | D        | Reached skill level 12 in Unarmed Combat
   382 | D        | Reached skill level 5 in Spellcasting
   382 | D        | Reached skill level 5 in Transmutations
   382 | D        | Reached XP level 6. HP: 34/54 MP: 6/12
   382 | D        | Reached XP level 7. HP: 38/61 MP: 6/13
   392 | D        | Killed a kobold demonologist
   393 | D        | Reached skill level 1 in Fighting
   393 | D        | Reached skill level 1 in Evocations
   393 | D        | Reached XP level 8. HP: 50/70 MP: 7/14
   402 | D        | Reached skill level 13 in Unarmed Combat
   486 | D        | Noticed a tengu warrior
   486 | D        | Noticed a boulder beetle
   486 | D        | Noticed a two-headed ogre
   486 | D        | Noticed a manticore
   486 | D        | Noticed a slime creature
   491 | D        | Killed a slime creature
   585 | D        | Killed a manticore
   586 | D        | Reached skill level 14 in Unarmed Combat
   588 | D        | Killed a two-headed ogre
   589 | D        | Reached skill level 1 in Ice Magic
   589 | D        | Reached XP level 9. HP: 46/80 MP: 10/17
   593 | D        | Killed a tengu warrior
   594 | D        | Reached skill level 15 in Unarmed Combat
   601 | D        | Killed a boulder beetle
   751 | D        | Noticed a cane toad
   751 | D        | Noticed a komodo dragon
   758 | D        | Reached skill level 1 in Stealth
   759 | D        | Reached XP level 10. HP: 91/91 MP: 11/19
   761 | D        | Killed a cane toad
   762 | D        | Reached skill level 16 in Unarmed Combat
   868 | D        | Noticed a torpor snail
   880 | D        | Killed a torpor snail
   881 | D        | Reached skill level 17 in Unarmed Combat
   913 | D        | Noticed a cane toad
   913 | D        | Noticed a cane toad
   917 | D        | Killed a cane toad
   919 | D        | Killed a cane toad
  1090 | D        | Reached XP level 11. HP: 98/101 MP: 15/21
  1291 | D        | Reached skill level 18 in Unarmed Combat
  1359 | D        | Noticed Josephine
  1370 | D        | Killed Josephine
  1456 | D        | Reached skill level 5 in Fighting
  1475 | D        | Noticed a stone giant
  1487 | D        | Killed a stone giant
  1488 | D        | Reached skill level 19 in Unarmed Combat
  1540 | D        | Noticed an orc knight
  1547 | D        | Noticed an orc high priest
  1555 | D        | Killed an orc knight
  1562 | D        | Killed an orc high priest
  1610 | D        | Found Poiwieq's Distillery.
  1610 | D        | Noticed an orc high priest
  1610 | D        | Noticed an orc high priest
  1610 | D        | Noticed an orc high priest
  1610 | D        | Noticed an orc high priest
  1611 | D        | Noticed an orc high priest
  1615 | D        | Killed an orc high priest
  1616 | D        | Found Huots's General Store.
  1618 | D        | Killed an orc high priest
  1619 | D        | Reached skill level 20 in Unarmed Combat
  1623 | D        | Killed an orc high priest
  1624 | D        | Found Taroiloj's Antique Weapon Boutique.
  1625 | D        | Noticed a sun demon
  1626 | D        | Killed an orc high priest
  1627 | D        | Noticed a soul eater
  1628 | D        | Noticed an orc high priest
  1635 | D        | Found Vecwory's Weapon Shop.
  1641 | D        | Killed an orc high priest
  1642 | D        | Reached XP level 12. HP: 78/113 MP: 20/23
  1753 | D        | Killed an orc high priest
  1882 | D        | Bought a scroll of magic mapping for 45 gold pieces
  1882 | D        | Bought a scroll of fear for 45 gold pieces
  1882 | D        | Bought 2 scrolls of enchant armour for 195 gold pieces
  1884 | D        | Bought 2 potions of might for 112 gold pieces
  1884 | D        | Bought a potion of curing for 42 gold pieces
  1884 | D        | Bought a potion of mutation for 112 gold pieces
  1884 | D        | Bought a potion of curing for 42 gold pieces
  1884 | D        | Bought a potion of might for 56 gold pieces
  1884 | D        | Bought a potion of heal wounds for 70 gold pieces
  1884 | D        | Bought a potion of curing for 42 gold pieces
  1884 | D        | Bought a potion of heal wounds for 70 gold pieces
  1939 | D        | Noticed Erica
  1948 | D        | Killed Erica
  1949 | D        | Reached skill level 21 in Unarmed Combat
  2098 | D        | Bought a +4 ring of slaying for 1326 gold pieces
  2098 | D        | Bought the amulet "Tirail" {Regen+ Str+4 Dex+2} for 843
                  | gold pieces
  2098 | D        | Bought a +6 ring of strength for 612 gold pieces
  2113 | D        | Bought a scroll of immolation for 38 gold pieces
  2113 | D        | Bought a scroll of fog for 22 gold pieces
  2115 | D        | Noticed a five-headed hydra
  2115 | D        | Noticed an ogre mage
  2115 | D        | Noticed a centaur warrior
  2115 | D        | Noticed a boulder beetle
  2116 | D        | Noticed a boulder beetle
  2119 | D        | Noticed a lich
  2120 | D        | Killed a centaur warrior
  2127 | D        | Killed a boulder beetle
  2128 | D        | Noticed a cyan very ugly thing
  2132 | D        | Noticed a deep troll earth mage
  2133 | D        | Noticed a fire dragon
  2136 | D        | Killed an ogre mage
  2137 | D        | Reached skill level 10 in Transmutations
  2137 | D        | Reached skill level 5 in Ice Magic
  2142 | D        | Killed a lich
  2144 | D        | Killed a five-headed hydra
  2146 | D        | Killed a deep troll earth mage
  2146 | D        | Killed a cyan very ugly thing
  2146 | D        | Killed from afar by a fire dragon

Illustrated notes

Levels and vault maps discovered:
D:        linesprint [early_d, line_temple, items_1, d_10, items_2, lair_1,
          lair_end, items_3, orc_1, orc_end, items_4, d_15, swamp_1, shoals_1,
          snake_1, spider_1, d_20, vaults_1, items_5, swamp_end, shoals_end,
          snake_end, spider_end, vaults_end, d_27, items_6, zot_1, zot_end,
          crypt_end, forest_end, elf_end, slime_end, tomb_end, abyss_end,
          pan_hell_end]

Skill      XL: |  1  2  3  4  5  6  7  8  9 10 11 12 |
---------------+-------------------------------------+-----
Unarmed Combat | 6 9 12 14 15 17 20 21 | 21.6
Dodging        | 3 5 6 7 8 9 |  9.3
Spellcasting   | 2 3 5 6 7 8 9 |  9.3
Transmutations | 2 3 5 6 7 8 9 10 | 10.3
Fighting       | 1 2 3 4 5 6 |  6.1
Evocations     | 1 2 3 |  3.2
Ice Magic      | 1 3 4 5 |  5.2
Stealth        | 1 2 |  2.5

Action                   |  1- 3 |  4- 6 |  7- 9 | 10-12 || total
-------------------------+-------+-------+-------+-------++-------
Melee: Unarmed           |    15 |    19 |    50 |   201 ||   285
       Kick              |     3 |     2 |     5 |       ||    10
       Headbutt          |     1 |     1 |     1 |       ||     3
       Punch             |       |     1 |       |       ||     1
 Cast: Beastly Appendage |     3 |     2 |       |       ||     5
       Wereblood         |       |     1 |     3 |    14 ||    18
       Ice Form          |       |       |     4 |    12 ||    16
Invok: Call Merchant     |       |       |       |     2 ||     2
Evoke: Wand              |       |     2 |     3 |     5 ||    10
  Use: Potion            |     1 |     2 |     1 |       ||     4
       Scroll            |       |     1 |       |       ||     1
 Stab: Sleeping          |       |       |       |     1 ||     1
Armor: Skin              |    12 |    15 |     5 |    19 ||    51
       Robe              |     5 |     1 |     5 |       ||    11
Dodge: Dodged            |    10 |     1 |    25 |    46 ||    82

Table legend: (Time is in decaauts)
 A = Elapsed time spent in this place.
 B = Non-inter-level travel time spent in this place.
 C = Inter-level travel time spent in this place.
 D = Time resting spent in this place.
 E = Time spent auto-exploring this place.
 F = Levels seen in this place.
 G = Mean time per level.
                   A        B        C        D        E       F      G
               +--------+--------+--------+--------+--------+-----+--------+
         Total |   2066 |   2066 |      0 |    898 |    301 |   1 | 2066.0 |
       Dungeon |   2066 |   2066 |      0 |    898 |    301 |   1 | 2066.0 |
               +--------+--------+--------+--------+--------+-----+--------+

Top non-repeatable levels by time:
       D: 2066 daAuts
